 Dungeon Crawl Stone Soup version 0.20.1-1-g8b1a95d (webtiles) character file.

2303 Lanoc the Covert (level 9, -1/51 HPs)
             Began as an Octopode Enchanter on Dec 4, 2017.
             Was a Believer of Dithmenos.
             Slain by Statics's ghost (12 damage)
             ... on level 6 of the Dungeon.
             The game lasted 00:40:09 (7644 turns).

Lanoc the Covert (Octopode Enchanter)               Turns: 7644, Time: 00:40:10

Health: -1/51      AC:  1    Str:  7    XL:     9   Next: 40%
Magic:  15/15      EV: 15    Int: 19    God:    Dithmenos [**....]
Gold:   220        SH:  0    Dex: 14    Spells: 8/16 levels left

rFire    + . .     SeeInvis .   q - +1 dagger (elec)
rCold    + . .     Gourm    .   (no shield)
rNeg     . . .     Faith    .   (helmet restricted)
rPois    .         Spirit   .   (no amulet)
rElec    .         Reflect  .   h - ring of flight
rCorr    .         Harm     .   m - ring of ice
MR       .....                  n - ring of protection from fire
Stlth    +++++++++.             v - ring of stealth
Regen    0.2/turn               p - ring of stealth (curse)
MPRegen  0.2/turn               a - ring of protection from fire
                                (no ring)
                                (no ring)

@: wreathed by umbra
A: almost no armour, stealthy swim, amphibious, 8 rings, constrict 8, camouflage
1, gelatinous body 1
a: Shadow Step, Renounce Religion, Evoke Flight


You were on level 6 of the Dungeon.
You worshipped Dithmenos.
Dithmenos was pleased with you.
You were hungry.

You visited 1 branch of the dungeon, and saw 6 of its levels.

You collected 280 gold pieces.
You spent 60 gold pieces at shops.

Inventory:

Hand Weapons
 q - a +1 dagger of electrocution (weapon)
Jewellery
 a - a ring of protection from fire (on tentacle)
 h - a ring of flight (left tentacle)
 m - a ring of ice (right tentacle)
 n - a ring of protection from fire (on tentacle)
 p - a cursed ring of stealth (on tentacle)
 v - a ring of stealth (on tentacle)
Wands
 l - a wand of iceblast (9/15)
 t - a wand of iceblast (8/15)
Scrolls
 e - 3 scrolls of identify
 j - 2 scrolls of recharging
 k - 2 scrolls of teleportation
 s - 3 scrolls of amnesia
 w - a scroll of enchant weapon
Potions
 f - 3 potions of heal wounds
 g - 2 potions of curing
 i - a potion of lignification
 o - a potion of haste {unknown}
 r - 2 potions of berserk rage
Books
 b - a book of Maledictions

   Spells                             Type                      Level
   a - Corona                         Hexes                        1
   b - Ensorcelled Hibernation        Hexes/Ice                    2
   c - Confuse                        Hexes                        3
   d - Tukima's Dance                 Hexes                        3
   e - Dazzling Spray                 Conjuration/Hexes            3
Comestibles
 c - 5 bread rations
 d - a meat ration


   Skills:
 * Level 5.8 Short Blades
 + Level 4.2 Dodging
 * Level 9.9 Stealth
 + Level 4.3 Spellcasting
 * Level 7.0 Hexes
 + Level 0.4 Invocations


You had 8 spell levels left.
You knew the following spells:

 Your Spells              Type           Power        Failure   Level  Hunger
a - Tukima's Dance        Hex            ####....     2%          3    ###....
b - Ensorcelled Hibernat  Hex/Ice        ####..       4%          2    #......
c - Dazzling Spray        Conj/Hex       ###...       10%         3    ###....


Dungeon Overview and Level Annotations

Branches:
Dungeon (6/15)             Temple (0/1) D:5

Altars:
Dithmenos
Elyvilon
Fedhas
Nemelex Xobeh
Qazlal
Ru
Vehumet
Yredelemnul
Zin

Shops:
D:4 ![!   D:5 *:

Annotations:
D:3 Lanoc's ghost, amateur GrFi
D:4 Agrougrou's ghost, amateur FoFi
D:6 Statics's ghost, novice GrFi


Innate Abilities, Weirdness & Mutations

You cannot wear most types of armour.
You are very stealthy in the water. (Stealth+)
You are amphibious.
You can wear up to eight rings at the same time.
You can use your tentacles to constrict eight enemies at once.
Your skin changes colour to match your surroundings (Stealth+).
Your rubbery body absorbs attacks. (AC +1, EV +1)


Message History

Statics's ghost turns its malevolent gaze towards you.
Statics's ghost hits you!
You closely miss Statics's ghost. Statics's ghost hits you.
You barely miss Statics's ghost. Statics's ghost hits you.
Statics's ghost says, "They'll have to sweep you off the floor after I'm finished with you!"
Things that are here:
a shortbow; 15 arrows Statics's ghost hits you.
Statics's ghost misses you.
You are feeling hungry.
Items here: )))) [[[[
Things that are here:
a mace; a short sword; an enchanted war axe Statics's ghost hits you!
You are electrocuted!
* * * LOW HITPOINT WARNING * * *
There is a stone staircase leading down here.
Statics's ghost hits you.
* * * LOW HITPOINT WARNING * * *
You are electrocuted!
You die...

...####....#######
...[.............#
...####....#####.#
.### #....# #.# .#
#....# #.# .#
#....# #.# .#
#....# #.# .#
###### #.#
.###############@#
......>........W.#
##################
###### .....#
.....#
.....##########
..............#


You could see Statics's ghost.

Vanquished Creatures
  Pikel (D:4)
  Grinder (D:3)
  Sigmund (D:5)
  Edmund (D:4)
  An orc warrior (D:6)
  A slave (D:3)
  A phantom (D:4)
  2 ogres (D:6)
  2 centaurs (D:6)
  Blork the orc (D:4)
  A scorpion (D:4)
  A howler monkey (D:4)
  A crimson imp (D:6)
  A bullfrog zombie (D:5)
  A jelly (D:6)
  8 orc wizards
  2 iguanas
  Jessica (D:3)
  Ijyb (D:5)
  2 worker ants
  A hound skeleton (D:4)
  Robin (D:3)
  11 adders
  2 oozes
  4 dart slugs
  A worm (D:2)
  5 leopard geckos
  29 orcs
  13 giant cockroaches
  18 goblins
  13 hobgoblins
  6 kobolds
  A quokka (D:2)
  A ball python (D:1)
  A ball python zombie (D:5)
  9 bats
  6 frilled lizards
  2 leopard gecko skeletons (D:4)
  A quokka skeleton (D:6)
  4 rats
160 creatures vanquished.

Vanquished Creatures (others)
  4 plants (D:4)
4 creatures vanquished.

Grand Total: 164 creatures vanquished

Notes
Turn   | Place    | Note
-------+----------+-------------------------------------------
     0 | D:1      | Lanoc the Octopode Enchanter began the quest for the Orb.
     0 | D:1      | Reached XP level 1. HP: 11/11 MP: 3/3
   182 | D:1      | Reached XP level 2. HP: 16/17 MP: 5/5
   647 | D:2      | Learned a level 2 spell: Ensorcelled Hibernation
   729 | D:2      | Found a basalt altar of Yredelemnul.
   801 | D:2      | Found a faded altar of an unknown god.
  1005 | D:1      | Reached XP level 3. HP: 8/21 MP: 3/6
  1437 | D:2      | Reached skill level 5 in Stealth
  1619 | D:2      | Reached XP level 4. HP: 27/27 MP: 7/7
  1996 | D:3      | Found a glowing silver altar of Zin.
  1996 | D:3      | Found a stormy altar of Qazlal.
  1999 | D:3      | Found a radiant altar of Vehumet.
  2001 | D:3      | Found a shadowy altar of Dithmenos.
  2005 | D:3      | Found a blossoming altar of Fedhas.
  2008 | D:3      | Found a sacrificial altar of Ru.
  2031 | D:3      | Became a worshipper of Dithmenos the Shadowed
  2046 | D:3      | Noticed Lanoc's ghost (amateur GrFi)
  2333 | D:3      | Noticed Jessica
  2333 | D:3      | Noticed Grinder
  2335 | D:3      | Killed Jessica
  2335 | D:3      | Reached XP level 5. HP: 31/31 MP: 8/8
  2350 | D:3      | Paralysed by Grinder for 3 turns
  2359 | D:3      | Killed Grinder
  2359 | D:3      | Reached skill level 6 in Stealth
  2359 | D:3      | Reached XP level 6. HP: 6/36 MP: 8/10
  3557 | D:3      | Noticed Robin
  3581 | D:3      | Reached * piety under Dithmenos
  3598 | D:3      | Killed Robin
  3740 | D:4      | Reached XP level 7. HP: 41/41 MP: 11/11
  3755 | D:4      | Noticed Pikel
  4054 | D:4      | Reached skill level 7 in Stealth
  4354 | D:4      | Reached skill level 5 in Hexes
  4592 | D:4      | Found Deuxke's Distillery.
  4601 | D:4      | Noticed Edmund
  4608 | D:4      | Killed Edmund
  4677 | D:4      | Noticed Blork the orc
  4686 | D:4      | Found Guumyec's Distillery.
  4698 | D:4      | Bought a potion of heal wounds for 60 gold pieces
  4719 | D:4      | Found a white marble altar of Elyvilon.
  4747 | D:4      | Killed Blork the orc
  4747 | D:4      | Reached skill level 8 in Stealth
  4747 | D:4      | Reached XP level 8. HP: 46/46 MP: 7/12
  4760 | D:4      | Learned a level 3 spell: Tukima's Dance
  4764 | D:4      | Learned a level 3 spell: Dazzling Spray
  4815 | D:4      | Found a sparkling altar of Nemelex Xobeh.
  4904 | D:4      | Found Egoc's Antique Armour Boutique.
  4921 | D:4      | Noticed Agrougrou's ghost (amateur FoFi)
  5112 | D:4      | Reached ** piety under Dithmenos
  5125 | D:4      | Killed Pikel
  5494 | D:5      | Entered Level 5 of the Dungeon
  5518 | D:5      | Noticed Sigmund
  5560 | D:4      | Reached skill level 5 in Short Blades
  5630 | D:4      | Got a smoking mace
  5904 | D:5      | Identified the +10 mace "Hicoudics" {protect, Fragile +Fly rC+ Int+3} (You found it on level 4 of the Dungeon)
  5909 | D:5      | Noticed Ijyb
  5919 | D:5      | Killed Ijyb
  5921 | D:5      | Reached skill level 9 in Stealth
  6035 | D:5      | Found a staircase to the Ecumenical Temple.
  6140 | D:5      | Found Vurenum's Book Shop.
  6168 | D:5      | Killed Sigmund
  6174 | D:5      | Found Gahyrayl's Assorted Antiques.
  6318 | D:6      | Reached XP level 9. HP: 36/51 MP: 15/15
  6497 | D:6      | Noticed Statics's ghost (novice GrFi)
  7644 | D:6      | Slain by Statics's ghost

Skill      XL: |  1  2  3  4  5  6  7  8  9 |
---------------+----------------------------+-----
Stealth        | 5 6 8 9 |  9.9
Short Blades   | 2 3 4 5 |  5.8
Hexes          | 4 5 6 7 |  7.0
Spellcasting   | 3 4 |  4.3
Dodging        | 3 4 |  4.2
Invocations    | |  0.4

Action                   |  1- 3 |  4- 6 |  7- 9 || total
-------------------------+-------+-------+-------++-------
Melee: Dagger            |    77 |   150 |   215 ||   442
       Tentacles         |    12 |    18 |    41 ||    71
       Constrict         |    18 |    28 |    42 ||    88
       Mace              |       |       |    30 ||    30
 Cast: Ensorcelled Hiber |     8 |    10 |    26 ||    44
  Use: Scroll            |     2 |     2 |     3 ||     7
       Potion            |     2 |     1 |       ||     3
 Stab: Sleeping          |    11 |    17 |    24 ||    52
       Distracted        |       |       |     3 ||     3
  Eat: Chunk             |     3 |     5 |     8 ||    16
       Royal jelly       |       |     1 |       ||     1
       Meat ration       |       |       |     1 ||     1
Armor: Skin              |    15 |    13 |    11 ||    39
Dodge: Dodged            |    48 |    76 |   172 ||   296
